 Dungeon Crawl Stone Soup version 0.25-a0-346-g140ab784a8 (webtiles) character file.

Game seed: 4213678637809333578, levelgen mode: deterministic

174 BritishOli the Ducker (level 5, -2/41 HPs)
             Began as a Demonspawn Gladiator on Dec 31, 2019.
             Slain by an orc (3 damage)
             ... on level 4 of the Dungeon.
             The game lasted 00:02:57 (3222 turns).

BritishOli the Ducker (Demonspawn Gladiator)        Turns: 3222, Time: 00:02:57

Health: -2/41      AC:  4    Str: 15    XL:     5   Next: 28%
Magic:  5/5        EV: 16    Int: 10    God:
Gold:   106        SH:  0    Dex: 14    Spells: 4/4 levels left

rFire    . . .     SeeInvis .   a - +0 long sword
rCold    . . .     Gourm    .   (no shield)
rNeg     . . .     Faith    .   b - +0 leather armour
rPois    .         Spirit   .   c - +0 helmet
rElec    .         Reflect  .   (no cloak)
rCorr    .         Harm     .   (no gloves)
MR       .....                  (no boots)
Stlth    +.........             (no amulet)
HPRegen  0.13/turn              (no ring)
MPRegen  0.09/turn              (no ring)

@: no status effects
A: claws 2, repulsion field 2
a: no special abilities


You were on level 4 of the Dungeon.
You were near starving.

You visited 2 branches of the dungeon, and saw 5 of its levels.

You collected 106 gold pieces.

Inventory:

Hand Weapons
 a - a +0 long sword (weapon)
Missiles
 d - 3 throwing nets (quivered)
Armour
 b - a +0 leather armour (worn)
 c - a +0 helmet (worn)
Jewellery
 i - an uncursed ring of resist corrosion {unknown}
 l - an uncursed ring of stealth {unknown}
Scrolls
 e - a scroll of enchant weapon {unknown}
 k - a scroll of magic mapping {unknown}
 m - a scroll of fog {unknown}
 o - a scroll of remove curse {unknown}
 p - a scroll of identify {unknown}
Potions
 g - 4 potions of flight {unknown}
 h - 3 potions of heal wounds {unknown}
 j - 3 potions of brilliance {unknown}
 n - a potion of haste
Comestibles
 f - 4 rations


   Skills:
 + Level 3.2 Fighting
 + Level 3.5 Long Blades
 + Level 2.9 Throwing
 + Level 3.6 Dodging


You had 4 spell levels left.
You didn't know any spells.
Your spell library was empty.

Dungeon Overview and Level Annotations

Branches:
Dungeon (4/15)             Temple (1/1) D:4

Altars:
Dithmenos
Fedhas
Gozag
Kikubaaqudgha
Qazlal
Ru
Sif Muna
Wu Jian
Xom
Yredelemnul
Zin


Innate Abilities, Weirdness & Mutations

You have very sharp fingernails.
You are surrounded by a moderate repulsion field. (EV +3)


Message History

You riposte.
You slash the orc priest!
The orc priest is severely wounded.
You closely miss the orc wizard.
The orc wizard is almost dead.
The orc wizard hits you with a +0 dagger.
The orc hits you.
The orc priest invokes the aid of Beogh against you.
Beogh smites you!
* * * LOW HITPOINT WARNING * * *
The orc wizard misses you.
You closely miss the orc wizard.
The orc wizard is almost dead.
The orc misses you.
The orc priest looks satisfied for a moment.
The orc wizard hits you with a +0 dagger.
* * * LOW HITPOINT WARNING * * *
You barely miss the orc wizard.
The orc wizard is almost dead.
The orc hits you.
You die...

#..............#.#.#..
...............#.......#
..........##.#...#.>.#..
.........###...#.......#
.................#.#.#..
..............#.........
..................#.#...
...>..oo..............##
......o@...........#.##
.....^...<...........#
....................#...
......................##
...............#.######
.................#
................##
............รทรท..##
....)..........####


You could see an orc priest, an orc wizard and an orc.

Vanquished Creatures
  A centaur skeleton (D:4)
  Robin (D:3)
  5 adders
  A worm (D:3)
  A dart slug (D:1)
  3 leopard geckos
  2 orcs
  7 bats
  3 giant cockroaches
  11 goblins
  10 hobgoblins
  8 jackals
  5 kobolds
  3 quokkas (D:3)
  A ball python (D:3)
  4 frilled lizards
  A quokka skeleton (D:4)
  7 rats
74 creatures vanquished.

Notes
Turn   | Place    | Note
-------+----------+-------------------------------------------
     0 | D:1      | BritishOli the Demonspawn Gladiator began the quest for the
                  | Orb.
     0 | D:1      | Reached XP level 1. HP: 16/16 MP: 1/1
   315 | D:1      | Gained mutation: You are surrounded by a mild repulsion
                  | field. (EV +2) [demonic ancestry]
   315 | D:1      | Reached XP level 2. HP: 21/22 MP: 2/2
   916 | D:2      | Found a shadowy altar of Dithmenos.
   998 | D:2      | Gained mutation: You have sharp fingernails. [demonic
                  | ancestry]
   998 | D:2      | Reached XP level 3. HP: 28/28 MP: 3/3
  1610 | D:3      | Noticed Robin
  1929 | D:3      | Killed Robin
  1929 | D:3      | Gained mutation: You have very sharp fingernails. [demonic
                  | ancestry]
  1929 | D:3      | Reached XP level 4. HP: 29/34 MP: 4/4
  2962 | D:4      | Gained mutation: You are surrounded by a moderate repulsion
                  | field. (EV +3) [demonic ancestry]
  2962 | D:4      | Reached XP level 5. HP: 35/41 MP: 5/5
  2966 | D:4      | Found a staircase to the Ecumenical Temple.
  3008 | Temple   | Entered the Ecumenical Temple
  3220 | D:4      | HP: 2/41 [orc priest/divine providence (13)]
  3222 | D:4      | Slain by an orc

Levels and vault maps discovered:
D:1:      evilmike_arrival_crescent, layout_basic
D:2:      layout_loops_ring, overflow_temple_1_default
D:3:      layout_loops_ring, chequers_serial_rivers_micro_c, uniq_robin
D:4:      layout_rooms, minmay_temple_entry_sparse_star,
          uniq_crazy_yiuf_cottage, uniq_eustachio
Temple:   jpeg_temple_alley_garden

Skill      XL: |  1  2  3  4 |
---------------+-------------+-----
Throwing       | 2 |  2.9
Long Blades    | 3 |  3.5
Dodging        | 3 |  3.6
Fighting       | 3 |  3.2

Action                   |  1- 3 |  4- 6 || total
-------------------------+-------+-------++-------
Melee: Long sword        |    95 |   110 ||   205
  Eat: Chunk             |     2 |     4 ||     6
Armor: Leather armour    |    29 |    28 ||    57
Dodge: Dodged            |    98 |   120 ||   218
       Rpst.: Long sword |    37 |    42 ||    79

Table legend:
 A = Non-vault XP
 B = Vault XP
 C = Vault XP percentage of total XP
 D = Non-vault monster count
 E = Vault monster count
 F = Vault count percentage of total count
                 A         B        C        D         E       F
            +---------+---------+-------+---------+---------+-------
      Total |     213 |      36 |  14.5 |      61 |      13 |  17.6
            +---------+---------+-------+---------+---------+-------
        D:1 |      17 |       0 |   0.0 |       8 |       0 |   0.0
        D:2 |      45 |       2 |   4.3 |      19 |       1 |   5.0
        D:3 |      70 |      34 |  32.7 |      24 |      12 |  33.3
        D:4 |      68 |       0 |   0.0 |       9 |       0 |   0.0
     Temple |      13 |       0 |   0.0 |       1 |       0 |   0.0
            +---------+---------+-------+---------+---------+-------
